[Event "*** Titled Tuesday Blitz"]
[Site "Chess.com"]
[Date "2018.10.02"]
[Round "7"]
[White "evgenysharapov"]
[Black "TST2014"]
[Result "0-1"]
[WhiteElo "2442"]
[BlackElo "2477"]
[TimeControl "180+2"]
[EndTime "14:32:35 PDT"]
[Termination "TST2014 won by checkmate"]

1. c4 Nf6 2. Nc3 g6 3. g3 Bg7 4. Bg2 O-O 5. Nf3 d6 6. O-O c5 7. d4 Nc6 8. dxc5 dxc5 9. Be3 Qa5 10. Qb3 Ng4 11. Bd2 Qb6 12. h3 Nge5 13. Nxe5 Nxe5 14. Nd5 Qd8 15. Bc3 e6 16. Ne3 Qb6 17. Rfd1 Qxb3 18. axb3 Nc6 19. Bxg7 Kxg7 20. Bxc6 bxc6 21.
Ra5 e5 22. Rxc5 Bxh3 23. Rxc6 Rab8 24. Rd3 e4 25. Rc3 h5 26. c5 Be6 27. Rc7 a5 28.
Nc4 Rfd8 29. Nxa5 Rd2 30. Re3 Rxb2 31. c6 Ra8 32. Nc4 Ra1+ 33. Kg2 Rbb1 34. f3 Rg1+ 35. Kh2 Rh1+ 36. Kg2 Rag1+ 37. Kf2 Rf1+ 38. Kg2 Bh3# 0-1

[Event "*** Titled Tuesday Blitz"]
[Site "Chess.com"]
[Date "2018.10.02"]
[Round "7"]
[White "Quiet_Desperation"]
[Black "FearlessKing64"]
[Result "1-0"]
[WhiteElo "1942"]
[BlackElo "2207"]
[TimeControl "180+2"]
[EndTime "14:32:37 PDT"]
[Termination "Quiet_Desperation won by resignation"]

1. e4 c5 2. d4 cxd4 3. c3 g6 4.
Nf3 Bg7 5. Bc4 d5 6. exd5 Nf6 7.
Nxd4 Nxd5 8. O-O O-O 9. Re1 Nb6 10. Bb3 a6 11. Bg5 Bf6 12. Bxf6 exf6 13. Qf3 Kg7 14. Nd2 N8d7 15. Rad1 Ne5 16. Qg3 Bd7 17. Ne4 Qc7 18.
Qf4 f5 19. Ng5 Rae8 20. Nxf7 Rxf7 21. Bxf7 Kxf7 22. Qh6 Kg8 23. f4 Nf7 24. Rxe8+ Bxe8 25. Qh4 Qd8 26. Qf2 Qe7 27. Re1 Qd8 28. Ne6 Qc8 29.
Qxb6 Bc6 30. Qd4 1-0

[Event "*** Titled Tuesday Blitz"]
[Site "Chess.com"]
[Date "2018.10.02"]
[Round "7"]
[White "albi1999"]
[Black "dmosesov"]
[Result "1-0"]
[WhiteElo "2394"]
[BlackElo "2304"]
[TimeControl "180+2"]
[EndTime "14:32:39 PDT"]
[Termination "albi1999 won by resignation"]

1. d4 Nf6 2. Nf3 e6 3. g3 d5 4.
c4 Be7 5. Bg2 O-O 6. O-O dxc4 7. Qa4 a6 8. Qxc4 b5 9. Qc2 Bb7 10. Bd2 Nbd7 11. Ba5 Rc8 12. Rd1 Nb6 13. Nbd2 Nfd7 14. Rac1 c5 15. dxc5 Rxc5 16. Qb1 Rxc1 17. Rxc1 Qa8 18. Rc7 Nd5 19. Rxd7 Bc6 20. Rxe7 Nxe7 21.
Bb4 Re8 22. Bxe7 Rxe7 23. Qc2 g6 24. h4 h5 25. Qc3 Re8 26. Qf6 Qd8 27. Qf4 Qd5 28.
Ne1 Qd7 29. Bxc6 Qxc6 30. Nef3 e5 31. Qh6 Qf6 32. Ne4 Qg7 33. Qg5 Kh8 34. Kg2 f5 35.
Nd6 Rf8 36. e4 fxe4 37. Nxe4 Rf5 38. Qd8+ Rf8 39. Qd5 Rf5 40. Nfg5 Rf8 41. Qe6 Qg8 42. Qxe5+ Qg7 43. Qe6 Rf6 44. Qxf6 1-0

[Event "*** Titled Tuesday Blitz"]
[Site "Chess.com"]
[Date "2018.10.02"]
[Round "7"]
[White "senecacrane"]
[Black "hypert"]
[Result "1-0"]
[WhiteElo "2173"]
[BlackElo "2306"]
[TimeControl "180+2"]
[EndTime "14:32:45 PDT"]
[Termination "senecacrane won by resignation"]

1. Nf3 d5 2. e3 Nf6 3. c4 e6 4. b3 Bd6 5. Bb2 O-O 6. Be2 Nbd7 7. O-O c6 8. d4 a6 9. Nc3 b5 10. Qc2 b4 11. Nb1 c5 12. dxc5 Nxc5 13. cxd5 exd5 14. Rd1 Bb7 15. Nbd2 Rc8 16. Qf5 Nfe4 17. Nxe4 Nxe4 18. Bd3 g6 19. Qh3 Nc3 20. Rdc1 Qe7 21. Nd4 Be5 22. Nf5 gxf5 23. Bxf5 f6 24. Bxc8 Bxc8 25. Qh5 Qg7 26. h3 Bxh3 27. Qxh3 Ne2+ 28. Kf1 Bxb2 29. Kxe2 Bxa1 30.
Rxa1 f5 31. Rd1 Kh8 32. Qf3 Qb2+ 33. Rd2 Qb1 34. Qxd5 Rc8 35. Qe5+ Kg8 36. Qe6+ Kg7 37. Qxc8 1-0

[Event "*** Titled Tuesday Blitz"]
[Site "Chess.com"]
[Date "2018.10.02"]
[Round "7"]
[White "GHANDEEVAM2003"]
[Black "TastyFrenchFries"]
[Result "1-0"]
[WhiteElo "2894"]
[BlackElo "2428"]
[TimeControl "180+2"]
[EndTime "14:32:50 PDT"]
[Termination "GHANDEEVAM2003 won by resignation"]

1. Nf3 Na6 2. e4 c6 3. d4 g6 4. Nc3 Bg7 5. Bxa6 bxa6 6. O-O Rb8 7. Qe2 Qc7 8. Rd1 Nf6 9. e5 Nd5 10. Ne4 O-O 11. c4 Nb6 12. b3 d5 13. exd6 exd6 14. Ba3 Re8 15. Nf6+ Bxf6 16. Qxe8+ Kg7 17. Qe3 Bg4 18. h3 Bd7 19. Qf4 Nc8 20. c5 Qa5 21.
Bb2 Rb5 22. cxd6 Rf5 23. Qg3 Qd5 24. Ne5 Qxd6 25. Nxd7 Qxd7 26. Rac1 Nd6 27. Qd3 Rd5 28. Rc5 Nf5 29. Rxd5 Qxd5 30. Bc3 Nh4 31. f3 Nf5 32. Qc4 Qd6 33. Qxa6 Qg3 34. Qe2 Bg5 35.
d5+ f6 36. Be1 Qd6 37. dxc6 Qc5+ 38. Bf2 Qxc6 39. Qe4 Qc7 40. g4 Nh4 41. f4 Bxf4 42.
Bxh4 Bh2+ 43. Kh1 Bg3 44. Bxg3 Qxg3 45. Qg2 Qc3 46. Rd7+ Kh6 47. Qd2+ 1-0

[Event "*** Titled Tuesday Blitz"]
[Site "Chess.com"]
[Date "2018.10.02"]
[Round "7"]
[White "grzechu96"]
[Black "m3alam"]
[Result "1-0"]
[WhiteElo "2543"]
[BlackElo "2141"]
[TimeControl "180+2"]
[EndTime "14:32:52 PDT"]
[Termination "grzechu96 won by resignation"]

1. e4 c6 2. d4 d5 3. exd5 cxd5 4. Bd3 Nf6 5. c3 Qc7 6. Ne2 Bg4 7. O-O Nc6 8. Qe1 e6 9. f3 Bh5 10. Qh4 Be7 11.
Bg5 Bg6 12. Bxg6 fxg6 13. Qh3 Qd7 14. Nf4 Kf7 15. Re1 Nd8 16. Nd3 Bd6 17. Nd2 h6 18.
Bf4 Nc6 19. Bxd6 Qxd6 20. Nb3 Nd7 21. Nbc5 Nxc5 22. Nxc5 Rhe8 23. Nxb7 Qb8 24. Nc5 Qxb2 25. f4 Rad8 26. Nxe6 Rd6 27. f5 g5 28. Qh5+ Ke7 29.
Nc5+ Ne5 30. Rxe5+ Kd8 31. Qxe8+ Kc7 32. Re7+ Kb6 33.
Qb8+ 1-0

[Event "*** Titled Tuesday Blitz"]
[Site "Chess.com"]
[Date "2018.10.02"]
[Round "7"]
[White "jerom555888"]
[Black "Shant_Sargsyan"]
[Result "0-1"]
[WhiteElo "2709"]
[BlackElo "2907"]
[TimeControl "180+2"]
[EndTime "14:32:53 PDT"]
[Termination "Shant_Sargsyan won by resignation"]

1. Nf3 d5 2. e3 Nf6 3. b3 g6 4. Bb2 Bg7 5. c4 c6 6. Nc3 O-O 7. Rc1 Bg4 8. Be2 Nbd7 9. d4 Ne4 10. Nxe4 dxe4 11. Nd2 Bxe2 12. Qxe2 f5 13. O-O e5 14.
f3 exf3 15. Nxf3 e4 16. Ne1 Qe7 17. Nc2 Rad8 18. Ba3 c5 19. dxc5 Nxc5 20. Nd4 Bxd4 21. exd4 Rxd4 22. Rcd1 Rfd8 23. Rxd4 Rxd4 24. Qe3 Qd6 25.
g4 b6 26. gxf5 gxf5 27. Rxf5 Rd1+ 28. Rf1 Qg6+ 29. Qg3 Qxg3+ 30. hxg3 Rd2 31. Bxc5 bxc5 32. Re1 Rxa2 33. Rxe4 Ra3 34. Re3 a5 35. Kf2 Kf7 36. Kf3 a4 37. bxa4 Rxa4 38. Re4 Kf6 39. Kg4 Ra3 40.
Rf4+ Ke5 41. Kg5 Rxg3+ 0-1

[Event "*** Titled Tuesday Blitz"]
[Site "Chess.com"]
[Date "2018.10.02"]
[Round "7"]
[White "NemtsevIgor"]
[Black "51616516516"]
[Result "1-0"]
[WhiteElo "2375"]
[BlackElo "2293"]
[TimeControl "180+2"]
[EndTime "14:32:53 PDT"]
[Termination "NemtsevIgor won by resignation"]

1. c3 Nf6 2. Qa4 e5 3. g4 h6 4. h3 Nc6 5. Bg2 d5 6. d3 a6 7.
Nd2 Bc5 8. b4 b5 9. Qb3 Bb6 10.
Nf1 O-O 11. Ng3 Be6 12. g5 hxg5 13. Bxg5 Bxf2+ 14. Kxf2 Ng4+ 15. hxg4 Qxg5 16. Bxd5 Bxd5 17.
Qxd5 Ne7 18. Qe4 f5 19. gxf5 Nxf5 20. Nxf5 Rxf5+ 21. Nf3 Raf8 22. Rag1 Qf6 23. Qd5+ Rf7 24. Ke1 c6 25. Qb3 Rxf3 26. exf3 Qxf3 27. Rf1 Qe3+ 28. Kd1 Qxd3+ 29. Kc1 Qe3+ 30. Kb1 Qe4+ 31. Ka1 Qd5 32. Qxd5 cxd5 33. Rxf7 Kxf7 34. Kb2 g5 35. Kc2 Kf6 36.
Kd3 Kf5 37. Ke3 1-0

[Event "*** Titled Tuesday Blitz"]
[Site "Chess.com"]
[Date "2018.10.02"]
[Round "7"]
[White "tigra"]
[Black "GrigorGrigorov"]
[Result "1-0"]
[WhiteElo "2773"]
[BlackElo "2737"]
[TimeControl "180+2"]
[EndTime "14:32:55 PDT"]
[Termination "tigra won by resignation"]

1. e4 e6 2. d4 d5 3. Nc3 Bb4 4.
a3 Bxc3+ 5. bxc3 dxe4 6. Qg4 Nf6 7. Qxg7 Rg8 8. Qh6 Bd7 9. Ne2 Rg6 10. Qh4 c5 11. Bg5 Bc6 12. d5 exd5 13. Nf4 Nbd7 14. Nxg6 hxg6 15. g3 Qa5 16. Bxf6 Nxf6 17. Qxf6 d4 18. Rb1 Qxc3+ 19. Kd1 e3 20. fxe3 Bxh1 21.
Bd3 Rd8 22. Ke2 c4 23. Qe5+ Kf8 24. Qh8+ Ke7 25. Qe5+ Kf8 26. Qc5+ Kg8 27. Qxc4 Qxc4 28. Bxc4 Be4 29. exd4 Rxd4 30. Rb4 Bxc2 31. Bxf7+ Kxf7 32. Rxd4 1-0

[Event "*** Titled Tuesday Blitz"]
[Site "Chess.com"]
[Date "2018.10.02"]
[Round "7"]
[White "MITerryble"]
[Black "jncool68"]
[Result "0-1"]
[WhiteElo "2756"]
[BlackElo "2703"]
[TimeControl "180+2"]
[EndTime "14:32:57 PDT"]
[Termination "jncool68 won by resignation"]

1. d4 Nf6 2. Bg5 Ne4 3. Bf4 d5 4. Nd2 Bf5 5. c3 c6 6. Qb3 Qb6 7. Nxe4 Bxe4 8. Nf3 Nd7 9. h4 e6 10. Nd2 Bf5 11. f3 h5 12. e4 Bg6 13. Be2 Be7 14.
g3 Nf6 15. e5 Nd7 16. Bg5 Bxg5 17. hxg5 c5 18. Qxb6 axb6 19. Bb5 Ke7 20. Ke2 Rhc8 21. Rhc1 Rc7 22. a4 Rac8 23. Nb3 cxd4 24. cxd4 Bc2 25. Ra3 Bxb3 26. Rxc7 Rxc7 27. Rxb3 Rc2+ 28. Ke3 Rg2 29. Kf4 Nf8 30. Bd3 Nd7 31. Bb5 Nf8 32. Bd3 Nd7 33. Rc3 Kd8 34. g6 fxg6 35. Bxg6 Rxb2 36. Bxh5 Rb4 37. Ke3 Nxe5 38. f4 Nc6 39. Rd3 Rxa4 40. Kf3 b5 41. Kg4 Rxd4 42. Re3 e5 43. Kg5 e4 44.
Kg6 Rd3 45. Rxd3 exd3 46. Kxg7 Nd4 47. Kf6 b4 48. Ke5 b3 49. Bg6 d2 0-1

[Event "*** Titled Tuesday Blitz"]
[Site "Chess.com"]
[Date "2018.10.02"]
[Round "7"]
[White "Kawhi_Leonard2"]
[Black "MikeSailer"]
[Result "0-1"]
[WhiteElo "2268"]
[BlackElo "2071"]
[TimeControl "180+2"]
[EndTime "14:33:10 PDT"]
[Termination "MikeSailer won by resignation"]

1. e4 d5 2. exd5 Qxd5 3. Nc3 Qd8 4. d4 Nf6 5. Bc4 Bg4 6. f3 Bf5 7. Nge2 e6 8. Be3 Be7 9. Qd2 c6 10. Bb3 Nbd7 11. g4 Bg6 12. h4 h6 13. Nf4 Bh7 14. Bxe6 fxe6 15. Nxe6 Qa5 16. Nxg7+ Kf7 17. Bxh6 Bb4 18. O-O Bxc2 19. Qxc2 Rxh6 20. Nf5 Rg6 21.
h5 Rg5 22. Qb3+ Kf8 23. Nh6 Kg7 24. Nf7 Nxg4 25. Nxg5 Qxg5 26. Qf7+ Kxf7 27. fxg4+ Kg7 28. Rf2 Bxc3 29. bxc3 Rf8 30. Raf1 Qe3 31. Kg2 Rxf2+ 32. Rxf2 Nf6 33. h6+ Kg6 34. g5 Qxg5+ 35. Kf1 Qc1+ 36. Kg2 Qxh6 37. c4 Qg5+ 38. Kf1 Qc1+ 39. Kg2 Qxc4 40. a4 Qxd4 41. a5 Qd5+ 42. Kh3 Qh5+ 43. Kg2 Qg4+ 44. Kf1 Qc4+ 45. Kg1 Qd4 46. Kg2 Qxf2+ 47.
Kxf2 Kg5 48. Ke3 Nd5+ 49. Kd4 Kf5 50. Kc5 Ke5 51. a6 bxa6 52. Kxc6 Nc7 53. Kc5 Ke6 54. Kc4 Kd6 55. Kb4 Kc6 56. Ka5 Kb7 57. Kb4 Kb6 58. Ka4 a5 59. Kb3 Kb5 60. Ka3 a4 0-1

[Event "*** Titled Tuesday Blitz"]
[Site "Chess.com"]
[Date "2018.10.02"]
[Round "7"]
[White "Zq1"]
[Black "Jbd735"]
[Result "1-0"]
[WhiteElo "2595"]
[BlackElo "2311"]
[TimeControl "180+2"]
[EndTime "14:33:11 PDT"]
[Termination "Zq1 won by resignation"]

1. d4 d5 2. c4 c6 3. cxd5 cxd5 4. Bg5 Nc6 5. Nc3 f6 6. Bh4 Nh6 7. e3 Nf5 8. Bg3 e6 9. Bd3 Nxg3 10. hxg3 f5 11.
g4 g6 12. gxf5 exf5 13. Nh3 Be6 14. Nf4 Bf7 15. Qb3 Qd7 16. Ncxd5 O-O-O 17. Bc4 Na5 18. Qc3 Nxc4 19. Qxc4+ Kb8 20. Rc1 b6 21. Nf6 Qe7 22.
Qc6 Bg7 23. N6d5 Qd7 24. Qxd7 Rxd7 25. Nc3 g5 26. Nd3 Bc4 27. Nb4 f4 28. b3 Be6 29.
O-O fxe3 30. fxe3 Re8 31. d5 Bg4 32. e4 Bd4+ 33. Kh1 Rd6 34. Nc6+ Kb7 35. Nxd4 Rh6+ 36. Kg1 1-0

[Event "*** Titled Tuesday Blitz"]
[Site "Chess.com"]
[Date "2018.10.02"]
[Round "7"]
[White "ajkom197"]
[Black "Thjop"]
[Result "0-1"]
[WhiteElo "2387"]
[BlackElo "2630"]
[TimeControl "180+2"]
[EndTime "14:33:15 PDT"]
[Termination "Thjop won by resignation"]

1. c4 Nf6 2. g3 g6 3. Bg2 Bg7 4. e3 O-O 5. Ne2 e5 6. O-O Re8 7. Nbc3 c6 8. d4 d6 9. b3 Nbd7 10. Bb2 e4 11. Qc2 Qe7 12. h3 h5 13. Rfd1 Nf8 14. d5 c5 15. a4 a5 16. Rac1 N8h7 17. h4 Bf5 18. Nf4 b6 19. Nce2 Ng4 20. Bxg7 Kxg7 21.
Qb2+ Kg8 22. Nh3 Ne5 23. Nef4 Bg4 24. Rf1 Bf3 25. Rce1 Qf6 26. Qa1 Qf5 27. Bxf3 Nxf3+ 28. Kg2 Nxe1+ 29. Rxe1 Re5 30. Qd1 Kf8 31. Qd2 Ke7 32. Qd1 Rg8 33. Qe2 Qg4 34. Qxg4 hxg4 35. Ng1 g5 36. hxg5 Nxg5 37. Nge2 Rh8 38. Nc3 Nf3 39.
Rh1 Rxh1 40. Kxh1 Nd2 41. Kg2 Nxb3 42. Kg1 Nd2 43. Kg2 Nxc4 44. Kg1 Nd2 45. Kg2 Nf3 46.
Kf1 Kf6 47. Kg2 Re8 48. Kf1 Kf5 49. Ke2 Rh8 50. Kf1 Rh1+ 0-1

[Event "*** Titled Tuesday Blitz"]
[Site "Chess.com"]
[Date "2018.10.02"]
[Round "7"]
[White "francogreek"]
[Black "017290"]
[Result "1-0"]
[WhiteElo "2365"]
[BlackElo "2327"]
[TimeControl "180+2"]
[EndTime "14:33:24 PDT"]
[Termination "francogreek won by checkmate"]

1. Nf3 Nf6 2. g3 c5 3. Bg2 Nc6 4. O-O d5 5. d3 g6 6. Nbd2 e5 7. e4 d4 8. Nc4 Qc7 9. a4 Be6 10. b3 Bg7 11. Ng5 O-O 12. Nxe6 fxe6 13. f4 exf4 14. Bxf4 e5 15. Bg5 h6 16. Bd2 Rf7 17. Bh3 Qe7 18. Qe2 Raf8 19. Rf2 Nd7 20. Raf1 b6 21. Rxf7 Rxf7 22. Rxf7 Qxf7 23. Qg4 Ncb8 24.
Nd6 Qe7 25. Qe6+ Qxe6 26. Bxe6+ Kf8 27. Nb5 a6 28. Nc7 Ke7 29. Bh3 a5 30. Kg2 g5 31.
Bf5 Nc6 32. Nd5+ Kd6 33. Bxd7 Kxd7 34. Nxb6+ Ke6 35. Nc4 h5 36. Nxa5 Ne7 37. Nc4 g4 38. a5 Nc6 39. a6 Kd7 40. h3 Kc8 41. hxg4 hxg4 42. Na5 Nb4 43. Bxb4 Kb8 44. a7+ Ka8 45. Bxc5 Bf6 46. Nc6 Bd8 47. b4 Ba5 48. bxa5 Kb7 49. Nb4 Ka8 50. Kf1 Kb7 51. Ke2 Ka8 52. Kd2 Kb7 53.
c3 Ka8 54. cxd4 Kb7 55. dxe5 Ka8 56. e6 Kb7 57. e7 Kc7 58. d4 Kb7 59. e8=Q Kc7 60.
Na6+ Kb7 61. a8=Q# 1-0

[Event "*** Titled Tuesday Blitz"]
[Site "Chess.com"]
[Date "2018.10.02"]
[Round "7"]
[White "EndgameGrinder"]
[Black "Bryakin_Mikhail"]
[Result "0-1"]
[WhiteElo "2500"]
[BlackElo "2675"]
[TimeControl "180+2"]
[EndTime "14:33:40 PDT"]
[Termination "Bryakin_Mikhail won by checkmate"]

1. e4 c6 2. d4 d5 3. Nd2 dxe4 4. Nxe4 Nf6 5. Nxf6+ gxf6 6. c3 Bf5 7. Bd3 Bg6 8. Nf3 Qc7 9. Be3 e6 10. O-O Bd6 11.
g3 Nd7 12. a4 c5 13. Re1 c4 14.
Bf1 a5 15. b3 Nb6 16. bxc4 Nxc4 17. Qb3 Nxe3 18. Rxe3 O-O 19. Nh4 Rac8 20. Bg2 b6 21.
Nxg6 hxg6 22. Rb1 Rb8 23. h4 Kg7 24. Qb5 Rh8 25. Qc6 g5 26. hxg5 fxg5 27. Qxc7 Bxc7 28.
c4 Bd6 29. Rc3 Bb4 30. Rc2 Rbc8 31. Rbc1 Rhd8 32. c5 bxc5 33. dxc5 Rd4 34. c6 Rc7 35. Rc4 Rd2 36. R4c2 Rd3 37. Bf1 Rd6 38. Bb5 g4 39.
Rc4 f5 40. Kg2 e5 41. R4c2 Kg6 42. Rh1 f4 43. gxf4 exf4 44. Rh8 Kg7 45. Rb8 f3+ 46. Kg3 Rg6 47. Rc4 Bd6+ 48. Kh4 Kf6 49. Rb7 Kf5 50. Rxc7 Rh6# 0-1

[Event "*** Titled Tuesday Blitz"]
[Site "Chess.com"]
[Date "2018.10.02"]
[Round "7"]
[White "ENEASZ"]
[Black "Kirill_Klukin"]
[Result "1-0"]
[WhiteElo "2594"]
[BlackElo "2602"]
[TimeControl "180+2"]
[EndTime "14:33:46 PDT"]
[Termination "ENEASZ won by resignation"]

1. e4 c5 2. c3 Nf6 3. e5 Nd5 4. d4 cxd4 5. Nf3 Nc6 6. cxd4 d6 7. Bc4 e6 8. O-O Be7 9. Qe2 O-O 10. Rd1 Na5 11. Bxd5 exd5 12. Nc3 Be6 13. Bf4 Nc6 14. exd6 Bxd6 15. Bxd6 Qxd6 16. Ne5 Rfe8 17. Nxc6 Qxc6 18. Rac1 Rac8 19. Qd2 Qa6 20. Re1 h6 21. h3 Qc4 22.
a3 Qb3 23. Ne2 Bf5 24. Rxc8 Rxc8 25. Rc1 Rxc1+ 26. Nxc1 Qc4 27. Ne2 b5 28. h4 a5 29.
Ng3 Be6 30. Kh2 b4 31. axb4 axb4 32. Qf4 b3 33. Nh5 Qe2 34. f3 Qe1 35. Qg3 Qxg3+ 36.
Kxg3 Kf8 37. Kf4 f6 38. Ke3 g5 39. Nxf6 gxh4 40. Kf4 Kf7 41. Ng4 h5 42. Ne5+ Kf6 43. Nd3 Bf5 44. Nb4 Be6 45. Na6 Bf5 46. Nc7 Be6 47.
Nxe6 Kxe6 48. Kg5 1-0

[Event "*** Titled Tuesday Blitz"]
[Site "Chess.com"]
[Date "2018.10.02"]
[Round "7"]
[White "chesstatour"]
[Black "Morshynska"]
[Result "0-1"]
[WhiteElo "2005"]
[BlackElo "2087"]
[TimeControl "180+2"]
[EndTime "14:33:47 PDT"]
[Termination "Morshynska won by resignation"]

1. c4 e5 2. Nc3 Nf6 3. Nf3 Nc6 4. d4 exd4 5. Nxd4 Bb4 6. g3 Ne4 7. Qd3 Nc5 8. Qe3+ Qe7 9. Nxc6 dxc6 10. Qxe7+ Kxe7 11.
Bd2 Be6 12. b3 Ba3 13. e4 a5 14. Be2 Rhd8 15. Rd1 f6 16. O-O a4 17. Be3 axb3 18. Bxc5+ Bxc5 19. axb3 Bd4 20. Nb1 Ra2 21. Rd2 Bxf2+ 22.
Rxf2 Rdxd2 23. Nxd2 Rxd2 24. Bf1 Rxf2 25. Kxf2 Kd6 26. b4 c5 27. b5 Ke5 28. Ke3 h5 29.
Be2 Bf7 30. Bf1 Bg6 31. Bg2 Bh7 32. Bf3 Bg6 33. Bg2 Bf7 34. Bf1 g5 35. Be2 h4 36.
gxh4 gxh4 37. Bf1 Bg6 38. Bd3 Be8 39. Be2 b6 40. Bd3 c6 41. bxc6 Bxc6 42. Be2 Bxe4 43. Kf2 0-1

[Event "*** Titled Tuesday Blitz"]
[Site "Chess.com"]
[Date "2018.10.02"]
[Round "7"]
[White "kasparik_garik"]
[Black "2165149677570"]
[Result "1-0"]
[WhiteElo "2561"]
[BlackElo "2340"]
[TimeControl "180+2"]
[EndTime "14:33:52 PDT"]
[Termination "kasparik_garik won by resignation"]

1. Nf3 c5 2. g3 Nc6 3. Bg2 g6 4. O-O Bg7 5. c3 e5 6. e4 Nge7 7. b4 cxb4 8. cxb4 Nxb4 9. Ba3 Qa5 10. d4 exd4 11. Nxd4 O-O 12. Nc3 Qxa3 13. Ndb5 Qa5 14. Rb1 Nbc6 15. Nd5 Nxd5 16. exd5 Ne5 17. d6 Nc6 18.
Nc7 Rb8 19. Rb5 Qa3 20. Re1 Be5 21. Rbxe5 Nxe5 22. Rxe5 b5 23. h4 Rb6 24. Ne8 Qc3 25.
Qe2 Ba6 26. Nf6+ Kg7 27. Nd5 Qa1+ 28. Kh2 Rxd6 29. h5 Re6 30. f4 Rfe8 31. h6+ Kh8 32. Qf2 Rxe5 33. fxe5 Qxe5 34. Nf6 Rd8 35. Ng4 Qh5+ 36. Bh3 Qf5 37. Qb2+ f6 38. Nxf6 1-0

[Event "*** Titled Tuesday Blitz"]
[Site "Chess.com"]
[Date "2018.10.02"]
[Round "7"]
[White "Jospem"]
[Black "Indianlad"]
[Result "0-1"]
[WhiteElo "2740"]
[BlackElo "2819"]
[TimeControl "180+2"]
[EndTime "14:33:53 PDT"]
[Termination "Indianlad won by resignation"]

1. e4 e5 2. Nf3 Nc6 3. Bb5 a6 4.
Ba4 d6 5. c3 Bd7 6. d4 g6 7.
O-O Bg7 8. Bg5 f6 9. Be3 Nh6 10. h3 O-O 11. Re1 Nf7 12. Nbd2 Kh8 13. Nf1 f5 14.
exf5 gxf5 15. dxe5 dxe5 16. Bb3 e4 17. Bc5 Nd6 18. Nd4 Ne5 19. Bxd6 cxd6 20. Ng3 Nd3 21. Re2 Be5 22. Bc4 Nxf2 23. Rxf2 Bxg3 24. Rf1 Qg5 25. Qe2 Be5 26. Qe1 Rf6 27. Rd1 Raf8 28. Bd5 Bg3 29. Qe2 Be5 30. Qe1 Rh6 31. Bxe4 Rxh3 32. Nf3 Qh5 33. Bxb7 Bg3 34. gxh3 Bxe1 35. Rdxe1 Qxh3 36. Kf2 f4 37. Rg1 Bg4 38. Rg2 Bxf3 39. Bxf3 Qh4+ 40.
Kf1 Rg8 41. Rxg8+ Kxg8 42. Ke2 Qh2+ 43. Kd3 Qf2 44. Bd5+ Kg7 45. Re7+ Kf6 46. Re6+ Kf5 47. Re8 Qxb2 48. Be4+ Kg5 49. Rg8+ Kh6 50. Rh8 Qb5+ 51. c4 Qb1+ 52. Kd4 Qb2+ 53. Kd5 Qxh8 0-1

[Event "*** Titled Tuesday Blitz"]
[Site "Chess.com"]
[Date "2018.10.02"]
[Round "7"]
[White "RiskyDecision"]
[Black "Thee-Chessboy"]
[Result "1-0"]
[WhiteElo "2399"]
[BlackElo "2306"]
[TimeControl "180+2"]
[EndTime "14:33:57 PDT"]
[Termination "RiskyDecision won on time"]

1. d4 Nf6 2. c4 g6 3. g3 Bg7 4.
Bg2 O-O 5. Nc3 c5 6. Nf3 cxd4 7. Nxd4 Qc7 8. O-O Qxc4 9. Bg5 Nc6 10. Ndb5 d6 11.
Rc1 Qg4 12. Bxf6 Bxf6 13. Nd5 Bg7 14. h3 Qd7 15. Qd2 Qd8 16. Rfd1 Bd7 17. h4 a6 18. Nbc3 e6 19. Ne3 d5 20. Na4 Nd4 21. Nc5 Bb5 22. Bf1 b6 23. Nd3 e5 24. h5 gxh5 25. Nb4 h4 26. Nbxd5 hxg3 27. fxg3 Bh6 28. Qe1 Qg5 29. Qf2 f5 30. Rc3 f4 31. Ng2 fxg3 32.
Qe1 Bc6 33. Rxd4 Bxd5 34. Rxd5 Rf2 35. Rdd3 Kh8 36. Rxg3 Qc1 37. Rxc1 1-0

[Event "*** Titled Tuesday Blitz"]
[Site "Chess.com"]
[Date "2018.10.02"]
[Round "7"]
[White "ShimanovAlex"]
[Black "Blitzstream"]
[Result "1-0"]
[WhiteElo "2734"]
[BlackElo "2620"]
[TimeControl "180+2"]
[EndTime "14:33:59 PDT"]
[Termination "ShimanovAlex won by resignation"]

1. e4 d5 2. d3 dxe4 3. dxe4 Qxd1+ 4. Kxd1 Nf6 5. f3 a6 6. c3 b5 7. Be3 Nbd7 8. Nd2 Bb7 9. Nb3 e6 10. Na5 Bc8 11. Nh3 Bc5 12. Bxc5 Nxc5 13. b4 Na4 14. Kc2 c5 15. bxc5 Nxc5 16. Be2 Bd7 17. Nf4 Ke7 18. Nd3 Na4 19. Rhc1 Rhc8 20. Kd2 Ne8 21. Nb4 Nd6 22. e5 Nf5 23. c4 Nd4 24. c5 Nxc5 25. Bd1 f6 26.
exf6+ gxf6 27. Rc3 Na4 28. Bxa4 bxa4 29. Rac1 Rxc3 30.
Rxc3 Rb8 31. Rc4 Rb5 32. Rxd4 Rxa5 33. a3 Rg5 34. g4 h5 35. h3 Rb5 36. Nd3 hxg4 37.
fxg4 Rb3 38. Nc5 Rxh3 39. Rxd7+ Ke8 40. Rd3 Rxd3+ 41. Kxd3 Kf7 42. Ke4 a5 43. Nxa4 Kg6 44.
Nc5 f5+ 45. Kf4 fxg4 46. Nxe6 Kf6 47. Nd4 g3 48. Kxg3 a4 49. Kf4 Ke7 50. Ke5 Kd7 51.
Kd5 1-0

[Event "*** Titled Tuesday Blitz"]
[Site "Chess.com"]
[Date "2018.10.02"]
[Round "7"]
[White "chenrip"]
[Black "Phelathegreat"]
[Result "1/2-1/2"]
[WhiteElo "2383"]
[BlackElo "2304"]
[TimeControl "180+2"]
[EndTime "14:33:59 PDT"]
[Termination "Game drawn by repetition"]

1. e4 c5 2. Nf3 d6 3. Bb5+ Bd7 4. a4 Nc6 5. O-O Nf6 6. Nc3 g6 7. d3 Bg7 8. Be3 O-O 9. h3 Qc8 10. Qd2 a6 11. Bc4 Rb8 12. Bh6 Re8 13. Bxg7 Kxg7 14. Qg5 e5 15. Nd5 Qd8 16. Nxf6 Qxf6 17. Qg3 Be6 18. Bxe6 fxe6 19. c3 Qf4 20. Nh2 Rf8 21. Qe3 Rf7 22. g3 Qxe3 23. fxe3 Rbf8 24. Rxf7+ Rxf7 25. Kg2 h5 26. Nf3 Kh6 27. h4 Kg7 28. Ng5 Rf6 29.
Rb1 a5 30. Ra1 b6 31. Ra3 Nb8 32. Rb3 Nd7 33. d4 exd4 34. exd4 e5 35. d5 Kg8 36. Ne6 Kf7 37. Nc7 Ke7 38. Rb5 Rf8 39. Ne6 Rf7 40. Nc7 Rf8 41. Ne6 Rb8 42. c4 Nf6 43. Kf3 Ng4 44. Rb3 Kd7 45. Rd3 Ke7 46. Rd1 Rg8 47. Rf1 Nh2+ 48. Kg2 Nxf1 49. Kxf1 Rh8 50. Kf2 Rh7 51.
Ke2 Rf7 52. Ng5 Rf6 53. Nf3 Rf8 54. Ng5 Re8 55. Kf3 Kf6 56. Ke2 Kg7 57. Kf3 Rf8+ 58.
Ke2 Rf6 59. Nf3 Kf7 60. Ng5+ Ke7 61. Nf3 Rf8 62. Ng5 Ra8 63. Nf3 Rf8 64. Ng5 Rf6 65. Nf3 Kf7 66. Ng5+ Kg7 67. Nf3 Kf7 68. Ng5+ Ke7 1/2-1/2

[Event "*** Titled Tuesday Blitz"]
[Site "Chess.com"]
[Date "2018.10.02"]
[Round "7"]
[White "DishonorOnYourCow"]
[Black "kharov2001"]
[Result "1-0"]
[WhiteElo "2263"]
[BlackElo "2197"]
[TimeControl "180+2"]
[EndTime "14:34:00 PDT"]
[Termination "DishonorOnYourCow won on time"]

1. d4 Nf6 2. c4 g6 3. Nc3 Bg7 4. e4 d6 5. f4 Na6 6. Nf3 c5 7. d5 e6 8. dxe6 Bxe6 9. a3 O-O 10. Bd3 Nb8 11. f5 Bd7 12. O-O Nc6 13. Bf4 Bc8 14. Bc2 gxf5 15. Bxd6 Re8 16. exf5 Ng4 17. Bxc5 Ne3 18. Bxe3 Rxe3 19. Nd5 Re8 20. f6 Bxf6 21. Qd3 Bg7 22. Qxh7+ Kf8 23. Nh4 Ne5 24. Ng6+ Nxg6 25. Bxg6 Be6 26. Nf4 Qd4+ 27. Kh1 Bxc4 28. Rf3 Qxb2 29.
Rg1 Rad8 30. Bxf7 Kxf7 31. Nd3+ Qf6 32. Rxf6+ Kxf6 33. Nf4 Bf7 34. Rf1 Rh8 35. Ng6+ Ke6 36. Nxh8 1-0

[Event "*** Titled Tuesday Blitz"]
[Site "Chess.com"]
[Date "2018.10.02"]
[Round "7"]
[White "FearNoEvil12"]
[Black "xamax2000"]
[Result "0-1"]
[WhiteElo "2030"]
[BlackElo "2471"]
[TimeControl "180+2"]
[EndTime "14:34:02 PDT"]
[Termination "xamax2000 won by checkmate"]

1. e4 c5 2. Nc3 d6 3. f4 g6 4. Bc4 Bg7 5. Nf3 Nc6 6. f5 gxf5 7. d3 Nf6 8. O-O fxe4 9. dxe4 Be6 10. Bxe6 fxe6 11.
Ng5 Qd7 12. Bf4 e5 13. Be3 h6 14. Nf3 Nd4 15. Ne2 O-O-O 16. c3 Nxf3+ 17. Rxf3 Nxe4 18. Qc2 Ng5 19. Rg3 Bf6 20. b4 Ne6 21.
Rd1 Qb5 22. a3 Kb8 23. bxc5 Nxc5 24. Rb1 Qc6 25. Rf3 Rhg8 26. Ng3 h5 27. Rff1 h4 28. Nf5 Rg4 29. Rb2 Rdg8 30. Rf2 Ne4 31. Re2 Nxc3 32.
Rf2 Rc4 33. Qb3 Rc8 34. h3 Nd5 35. Bd2 e4 36. Rb1 Nb6 37. Ne3 Rd4 38. a4 Rd3 39. Qb5 Qxb5 40. Rxb5 Bd4 41. Re2 Rxd2 42. Rxd2 Bxe3+ 43. Kh2 Bf4+ 44. Kg1 Rc1+ 45. Kf2 e3+ 46. Kf3 exd2 47. Kxf4 d1=Q 48. Kf5 Qh5+ 49. Ke6 Re1+ 50.
Re5 Rxe5# 0-1